 Dungeon Crawl Stone Soup version 0.29.0-4-gdea44cf6ec (webtiles) character file.

Game seed: 9768173782382745774

1225 qw the Cleaver (level 8, -3/70 HPs)
             Began as a Minotaur Berserker on Sept 10, 2022.
             Was a Priest of Trog.
             Splashed by a jelly's acid (9 damage)
             ... on level 6 of the Dungeon.
             The game lasted 00:02:04 (6305 turns).

qw the Cleaver (Minotaur Berserker)                 Turns: 6305, Time: 00:02:04

Health: -3/70      AC: 10    Str: 25    XL:     8   Next: 23%
Magic:  7/7        EV:  8    Int: 10    God:    Trog [***...]
Gold:   200        SH:  9    Dex:  9    Spells: 7/7 levels left

rFire   . . .      SeeInvis .   Y - +0 war axe
rCold   . . .      Faith    .   b - +0 buckler
rNeg    . . .      Spirit   .   d - +0 chain mail
rPois   .          Reflect  +   (helmet restricted)
rElec   .          Harm     .   (no cloak)
rCorr   .          Rampage  .   f - +0 pair of gloves
Will    .....                   (no boots)
Stlth   ..........              i - amulet of reflection
HPRegen 0.21/turn               a - +6 ring of intelligence
MPRegen 0.10/turn               (no ring)

@: about to teleport, marked, on berserk cooldown, slowed, very slow
A: horns 2, retaliatory headbutt
a: Renounce Religion, Berserk, Trog's Hand


You were on level 6 of the Dungeon.
You worshipped Trog.
Trog was most pleased with you.
You visited 1 branch of the dungeon, and saw 6 of its levels.

You collected 200 gold pieces.


Innate Abilities, Weirdness & Mutations

You have a pair of horns on your head.
You reflexively headbutt those who attack you in melee.


   Skills:
 - Level 6.0 Fighting
 + Level 10.3 Axes
 - Level 1.9 Throwing
 - Level 3.0 Armour
 - Level 2.1 Dodging
 - Level 3.5 Shields


You had 7 spell levels left.
You didn't know any spells.
Your spell library was empty.

Inventory:

Hand Weapons
 k - a +0 whip
 Y - a +0 war axe (weapon)
Missiles
 n - 9 boomerangs (quivered)
Armour
 b - a +0 buckler (worn)
 d - a +0 chain mail (worn)
 e - a +0 pair of boots
 f - a +0 pair of gloves (worn)
Jewellery
 a - a +6 ring of intelligence (left hand)
 i - an amulet of reflection (around neck)
Scrolls
 c - a scroll of identify
 m - 3 scrolls of teleportation
Potions
 g - a potion of resistance
 h - 2 potions of might
 j - 2 potions of heal wounds
 o - a potion of haste
 q - a potion of curing

Dungeon Overview and Level Annotations

Branches:
Dungeon (6/15)
 Temple: D:4-7

Altars:
Ashenzari

Shops:
D:4 :

Annotations:
D:1 1 runed translucent door
D:4 1 runed translucent door, qw's ghost, amateur GrFi
D:6 Prince Ribbit


Message History

A white imp comes into view.
6295 ||| Stepping ~*~*~tactically~*~*~ (hiding).
You see here a howler monkey corpse.
You start resting.
Prince Ribbit comes into view.
You barely miss Prince Ribbit. Your headbutt misses Prince Ribbit.
Prince Ribbit blinks!
The white imp gestures at you. The puff of frost hits you.
Prince Ribbit blinks!
The white imp puffs mist at you. The white imp gestures at you.
The puff of frost hits you but does no damage.
Things that are here:
a +0 halberd; a +0 arbalest; a +0 plate armour You hit the white imp.
You headbutt the white imp!
You kill the white imp!
Trog accepts your kill.
An adder comes into view.
Throw: 9 boomerangs
Press: ? - help, Q - select action Shift-Dir - straight line, f - Prince Ribbit You throw a boomerang.
The boomerang misses Prince Ribbit.
Prince Ribbit blinks!
A jelly comes into view.
You closely miss Prince Ribbit. Your headbutt misses Prince Ribbit.
Prince Ribbit hits you! You block Prince Ribbit's attack.
You barely miss Prince Ribbit. Your headbutt misses Prince Ribbit.
Prince Ribbit hits you!
Prince Ribbit hits you but does no damage.
You hit Prince Ribbit.
Prince Ribbit is lightly wounded.
Prince Ribbit hits you!
Prince Ribbit blinks!
Prince Ribbit pulls the alarm!
The alarm trap emits a blaring wail!
A sentinel's mark forms upon you.
You hear an angry hiss.
6305 ||| READING 4 scrolls of teleportation.
As you read the scroll of teleportation, it crumbles to dust.
You feel strangely unstable. The jelly hits you.
You are splashed with acid!
You die...

#. # # #. !## .. #.. ..
...#.. .. ...>.###.
#..... #.))## #%)# ##@#
##J###
.######.S..#########
...................#
......)....F.......#####
..###...###...###......#
#...# #...# #......#
#...###...###......#.
...................)..


You could see Prince Ribbit, a jelly and an adder.

Vanquished Creatures
  Menkaure (D:5)
  An ice beast (D:5)
  An orc warrior (D:6)
  A centaur (D:6)
  2 scorpions
  3 howler monkeys
  A hound (D:5)
  A jelly (D:4)
  4 orc priests
  Ijyb (D:4)
  Jessica (D:3)
  2 iguanas
  3 orc wizards
  Robin (D:4)
  9 adders
  A shadow imp (D:5)
  2 white imps
  A worm (D:3)
  A dart slug (D:1)
  13 orcs
  2 bats (D:1)
  7 endoplasms
  4 giant cockroaches
  16 goblins
  8 hobgoblins
  7 jackals (D:2)
  4 quokkas
  11 ball pythons
  5 frilled lizards
  11 kobolds
  9 rats
134 creatures vanquished.

Notes
Turn   | Place    | Note
-------+----------+-------------------------------------------
     0 | D:1      | qw the Minotaur Berserker began the quest for the Orb.
     0 | D:1      | Reached XP level 1. HP: 19/19 MP: 0/0
     0 | D:1      | 0 ||| qw: Version: 0.1-a-116-g5d60599
     0 | D:1      | 0 ||| qw: Game counter: 7469
     0 | D:1      | 0 ||| qw: Always use a shield: true
     0 | D:1      | 0 ||| qw: Do Orc after D:15 true
     0 | D:1      | 0 ||| qw: Do second Lair branch before Depths: true
     0 | D:1      | 0 ||| qw: Lair rune preference: random
     0 | D:1      | 0 ||| qw: Plans: Normal
     0 | D:1      | 0 ||| PLANNING D:1-11
     1 | D:1      | Found a runed translucent door.
    79 | D:1      | Reached skill level 4 in Axes
   263 | D:1      | Reached XP level 2. HP: 21/26 MP: 1/1
   603 | D:1      | Found a faded altar of an unknown god.
   920 | D:1      | 920 ||| UPGRADING to +0 leather armour.
   930 | D:1      | 930 ||| DROPPING +0 animal skin.
   931 | D:1      | 931 ||| READING scroll labelled CEYBBY NYOBB.
   932 | D:1      | 932 ||| READING scroll labelled LEQUQI POSARI.
   933 | D:1      | 933 ||| READING scroll labelled RYGOWA JAPO.
   972 | D:1      | 972 ||| READING scroll labelled FIQEL TAIREZE.
   973 | D:1      | 973 ||| DRINKING 2 fizzy brown potions.
   980 | D:2      | 980 ||| STAIRDANCE
   983 | D:1      | Reached skill level 5 in Axes
   995 | D:2      | Reached XP level 3. HP: 24/31 MP: 2/2
   995 | D:2      | 995 ||| STAIRDANCE
  1111 | D:2      | 1111 ||| Stepping ~*~*~tactically~*~*~ (stealth).
  1302 | D:2      | 1302 ||| Stepping ~*~*~tactically~*~*~ (stealth).
  1344 | D:2      | 1344 ||| SWAPPING to +0 war axe.
  1348 | D:2      | 1348 ||| DROPPING +0 hand axe.
  1745 | D:2      | Reached ** piety under Trog
  2004 | D:2      | 2004 ||| UPGRADING to +0 buckler.
  2009 | D:2      | 2009 ||| UPGRADING to +0 pair of gloves.
  2014 | D:2      | 2014 ||| UPGRADING to +0 ring mail.
  2024 | D:2      | 2024 ||| DROPPING +0 leather armour.
  2025 | D:2      | 2025 ||| READING scroll labelled ESSEUMMUPN.
  2026 | D:2      | 2026 ||| READING 2 scrolls of identify.
  2026 | D:2      | 2026 ||| IDENTIFYING red potion
  2027 | D:2      | 2027 ||| DROPPING potion of brilliance.
  2047 | D:3      | 2047 ||| STAIRDANCE
  2055 | D:3      | 2055 ||| Stepping ~*~*~tactically~*~*~ (stealth).
  2067 | D:3      | 2067 ||| INVOKING Berserk.
  2186 | D:3      | Reached skill level 1 in Shields
  2218 | D:3      | Noticed Jessica
  2221 | D:3      | Killed Jessica
  2222 | D:3      | Reached skill level 6 in Axes
  2222 | D:3      | Reached XP level 4. HP: 39/39 MP: 3/3
  2281 | D:3      | Found a broken altar of Ashenzari.
  2376 | D:3      | Noticed a scorpion
  2389 | D:3      | Killed a scorpion
  2390 | D:3      | Reached skill level 3 in Shields
  2390 | D:3      | Reached XP level 5. HP: 37/45 MP: 4/4
  2598 | D:3      | 2598 ||| Stepping ~*~*~tactically~*~*~ (stealth).
  2599 | D:3      | 2599 ||| Stepping ~*~*~tactically~*~*~ (stealth).
  2600 | D:3      | 2600 ||| Stepping ~*~*~tactically~*~*~ (stealth).
  2833 | D:3      | 2833 ||| UPGRADING to +6 ring of intelligence.
  2834 | D:3      | 2834 ||| READING scroll labelled DITASH ROMIDGH.
  2835 | D:3      | 2835 ||| READING scroll labelled TAOT NIROUCI.
  2836 | D:3      | 2836 ||| READING 3 scrolls of identify.
  2836 | D:3      | 2836 ||| IDENTIFYING bubbling dark potion
  2837 | D:3      | 2837 ||| READING 2 scrolls of identify.
  2837 | D:3      | 2837 ||| IDENTIFYING ruby potion
  2867 | D:4      | Noticed Ijyb
  2869 | D:4      | 2869 ||| INVOKING Berserk.
  2879 | D:4      | Killed Ijyb
  2964 | D:4      | 2964 ||| FLEEEEING.
  2965 | D:4      | 2965 ||| FLEEEEING.
  2967 | D:4      | 2967 ||| FLEEEEING.
  2971 | D:4      | 2971 ||| FLEEEEING.
  2981 | D:4      | 2981 ||| STAIRDANCE
  3060 | D:3      | 3060 ||| UPGRADING to +0 chain mail.
  3070 | D:3      | 3070 ||| DROPPING +0 ring mail.
  3100 | D:4      | 3100 ||| Stepping ~*~*~tactically~*~*~ (stealth).
  3101 | D:4      | Noticed Robin
  3102 | D:4      | 3102 ||| Stepping ~*~*~tactically~*~*~ (hiding).
  3103 | D:4      | 3103 ||| Stepping ~*~*~tactically~*~*~ (hiding).
  3104 | D:4      | 3104 ||| Stepping ~*~*~tactically~*~*~ (hiding).
  3109 | D:4      | 3109 ||| Stepping ~*~*~tactically~*~*~ (stealth).
  3115 | D:4      | 3115 ||| INVOKING Berserk.
  3116 | D:4      | Reached skill level 7 in Axes
  3116 | D:4      | Reached XP level 6. HP: 51/51 MP: 5/5
  3116 | D:4      | Killed Robin
  3118 | D:4      | Reached *** piety under Trog
  3338 | D:4      | Found a runed translucent door.
  3343 | D:4      | Noticed qw's ghost (amateur GrFi)
  3389 | D:4      | 3389 ||| FLEEEEING.
  3390 | D:4      | 3390 ||| FLEEEEING.
  3392 | D:4      | 3392 ||| FLEEEEING.
  3393 | D:4      | 3393 ||| FLEEEEING.
  3394 | D:4      | 3394 ||| FLEEEEING.
  3395 | D:4      | 3395 ||| FLEEEEING.
  3399 | D:4      | 3399 ||| FLEEEEING.
  3400 | D:4      | 3400 ||| FLEEEEING.
  3401 | D:4      | 3401 ||| FLEEEEING.
  3402 | D:4      | 3402 ||| FLEEEEING.
  3403 | D:4      | 3403 ||| FLEEEEING.
  3407 | D:4      | 3407 ||| FLEEEEING.
  3408 | D:4      | 3408 ||| FLEEEEING.
  3409 | D:4      | 3409 ||| STAIRDANCE
  3477 | D:3      | 3477 ||| UPGRADING to amulet of the acrobat.
  3482 | D:3      | 3482 ||| READING scroll labelled NOUGERY ACKEZ.
  3483 | D:3      | 3483 ||| READING scroll labelled ATEOHA EDYDD.
  3632 | D:4      | 3632 ||| STAIRDANCE
  3638 | D:4      | 3638 ||| INVOKING Berserk.
  3776 | D:4      | 3776 ||| Stepping ~*~*~tactically~*~*~ (hiding).
  3781 | D:4      | 3781 ||| Stepping ~*~*~tactically~*~*~ (hiding).
  3784 | D:4      | 3784 ||| INVOKING Berserk.
  3789 | D:4      | Reached skill level 8 in Axes
  3817 | D:4      | 3817 ||| FLEEEEING.
  3818 | D:4      | 3818 ||| FLEEEEING.
  3819 | D:4      | 3819 ||| FLEEEEING.
  3820 | D:4      | 3820 ||| FLEEEEING.
  3821 | D:4      | 3821 ||| FLEEEEING.
  3822 | D:4      | 3822 ||| FLEEEEING.
  3823 | D:4      | 3823 ||| FLEEEEING.
  3824 | D:4      | 3824 ||| FLEEEEING.
  3825 | D:4      | 3825 ||| FLEEEEING.
  3826 | D:4      | 3826 ||| Stepping ~*~*~tactically~*~*~ (stealth).
  3829 | D:4      | 3829 ||| Stepping ~*~*~tactically~*~*~ (stealth).
  3833 | D:4      | 3833 ||| INVOKING Berserk.
  4063 | D:4      | 4063 ||| Stepping ~*~*~tactically~*~*~ (stealth).
  4065 | D:4      | 4065 ||| Stepping ~*~*~tactically~*~*~ (stealth).
  4097 | D:4      | 4097 ||| INVOKING Berserk.
  4121 | D:4      | Reached XP level 7. HP: 38/59 MP: 6/6
  4122 | D:4      | 4122 ||| FLEEEEING.
  4438 | D:4      | 4438 ||| INVOKING Berserk.
  4467 | D:4      | Reached skill level 9 in Axes
  4783 | D:4      | 4783 ||| Stepping ~*~*~tactically~*~*~ (stealth).
  4887 | D:4      | Found Vulliggu's Book Shop.
  4891 | D:4      | Reached skill level 3 in Armour
  4943 | D:4      | 4943 ||| UPGRADING to amulet of reflection.
  4953 | D:4      | 4953 ||| DROPPING amulet of the acrobat.
  4954 | D:4      | 4954 ||| READING scroll labelled DEOTANN YCIULY.
  4967 | D:5      | Entered Level 5 of the Dungeon
  4968 | D:5      | 4968 ||| PLANNING SEWER
  5110 | D:5      | 5110 ||| Stepping ~*~*~tactically~*~*~ (hiding).
  5112 | D:5      | 5112 ||| Stepping ~*~*~tactically~*~*~ (hiding).
  5257 | D:5      | Noticed Menkaure
  5261 | D:5      | 5261 ||| INVOKING Berserk.
  5265 | D:5      | Killed Menkaure
  5455 | D:5      | 5455 ||| Stepping ~*~*~tactically~*~*~ (stealth).
  5458 | D:5      | 5458 ||| Stepping ~*~*~tactically~*~*~ (stealth).
  5672 | D:5      | 5672 ||| RIP SEWER
  5696 | D:5      | 5696 ||| PLANNING D:1-11
  5811 | D:5      | 5811 ||| Stepping ~*~*~tactically~*~*~ (water).
  5820 | D:5      | 5820 ||| READING scroll labelled PEEFU TUCZIRRA.
  5821 | D:5      | 5821 ||| DRINKING 2 fuming white potions.
  5822 | D:5      | 5822 ||| DRINKING 3 fuming green potions.
  5823 | D:5      | 5823 ||| READING 3 scrolls of identify.
  5823 | D:5      | 5823 ||| IDENTIFYING amethyst potion
  5824 | D:5      | 5824 ||| READING 2 scrolls of identify.
  5824 | D:5      | 5824 ||| IDENTIFYING golden potion
  5825 | D:5      | 5825 ||| DROPPING potion of magic.
  5826 | D:5      | 5826 ||| DROPPING 2 potions of flight.
  6069 | D:6      | 6069 ||| INVOKING Berserk.
  6074 | D:6      | Reached skill level 10 in Axes
  6074 | D:6      | Reached XP level 8. HP: 42/70 MP: 7/7
  6266 | D:6      | 6266 ||| Stepping ~*~*~tactically~*~*~ (hiding).
  6272 | D:6      | 6272 ||| INVOKING Berserk.
  6278 | D:6      | Reached skill level 1 in Throwing
  6286 | D:6      | Reached skill level 6 in Fighting
  6286 | D:6      | 6286 ||| Stepping ~*~*~tactically~*~*~ (stealth).
  6295 | D:6      | 6295 ||| Stepping ~*~*~tactically~*~*~ (hiding).
  6297 | D:6      | Noticed Prince Ribbit
  6304 | D:6      | HP: 8/70 [Prince Ribbit (12)]
  6305 | D:6      | 6305 ||| READING 4 scrolls of teleportation.
  6305 | D:6      | Splashed by a jelly's acid

Levels and vault maps discovered:
D:1:      dpeg_arrival_caged_fury, layout_loops_corners,
          shapermc_ecumenical_altar_mp_ritualfount,
          chequers_serial_rivers_room_a
D:2:      layout_loops_ring, feat_on_display
D:3:      layout_rooms, evilmike_ruin_ashenzari, minmay_distorted, uniq_jessica
D:4:      layout_basic, serial_shops, kennysheep_mini,
          ebering_ghost_reflecting_pool, minmay_cut_off, uniq_robin, uniq_ijyb
D:5:      layout_loops_ring, portal_sewer_entry_e, uniq_menkaure
D:6:      layout_basic, mainiacjoe_overflow_alcove_2, kennysheep_boxes,
          uniq_prince_ribbit1

Skill      XL: |  1  2  3  4  5  6  7  8 |
---------------+-------------------------+-----
Axes           | 4 5 6 7 8 10 | 10.3
Shields        | 1 3 |  3.5
Fighting       | 4 5 6 |  6.0
Armour         | 3 |  3.0
Throwing       | 1 |  1.9
Dodging        | |  2.1

Action                   |  1- 3 |  4- 6 |  7- 9 || total
-------------------------+-------+-------+-------++-------
Melee: Hand axe          |    46 |       |       ||    46
       Headbutt          |     9 |    17 |    13 ||    39
       War axe           |    34 |   108 |    97 ||   239
Throw: Boomerang         |       |     8 |    23 ||    31
Invok: Berserk           |     1 |     6 |     4 ||    11
  Use: Scroll            |     6 |     6 |     5 ||    17
       Potion            |     1 |       |     2 ||     3
Armor: Leather armour    |    17 |       |       ||    17
       Animal skin       |     1 |       |       ||     1
       Ring mail         |     2 |    12 |       ||    14
       Chain mail        |       |    45 |    33 ||    78
Dodge: Dodged            |    35 |    45 |    27 ||   107
Block: Buckler           |     1 |    13 |    29 ||    43
       Reflection        |       |       |     2 ||     2

Table legend:
 A = Non-vault XP
 B = Vault XP
 C = Vault XP percentage of total XP
 D = Non-vault monster count
 E = Vault monster count
 F = Vault count percentage of total count
                 A         B        C        D         E       F
            +---------+---------+-------+---------+---------+-------
      Total |    1278 |     472 |  27.0 |     104 |      30 |  22.4
            +---------+---------+-------+---------+---------+-------
        D:1 |      39 |       0 |   0.0 |      17 |       0 |   0.0
        D:2 |      43 |       0 |   0.0 |      19 |       0 |   0.0
        D:3 |      65 |     126 |  66.0 |      21 |       3 |  12.5
        D:4 |     456 |     170 |  27.2 |      30 |      18 |  37.5
        D:5 |     265 |     176 |  39.9 |       8 |       9 |  52.9
        D:6 |     410 |       0 |   0.0 |       9 |       0 |   0.0
            +---------+---------+-------+---------+---------+-------
